Cogmind - Beta 17 @@@ ROGUE MODE // 2026.06.30 @ 20:04:29 Player: Conwew Result: Destroyed by Fire Trap Performance ------------- Evolutions (3) 1500 Regions Visited (8) 1600 Robots Destroyed (68) 340 Value Destroyed (2326) 2326 Prototype IDs (23) 460 Alien Tech Used (0) 0 Bonus (363) 363 TOTAL SCORE: 6589 Bonus ------- Follower Combat Kills 63 Aligned with FarCom 300 Cogmind --------- Core Integrity 0/700 Matter 300/300 Energy 98/100 System Corruption 20% Temperature Cool (0) Movement Core (50) Location -7/Lower Caves Parts ------- > --- POWER (2) -------- (None) > --- PROPULSION (3) --- (None) > --- UTILITY (6) ------ Improved Signal Interpreter > --- WEAPON (2) ------- Axe > --- INVENTORY (5) ---- Improved Actuator Array AWS/Gauss Impact Mace Chainsword Peak State ------------ > --- POWER ------------ Micro Nuclear Core Micro Nuclear Core > --- PROPULSION ------- Improved Carbon-fiber Leg Improved Titanium Leg Improved Titanium Leg > --- UTILITY ---------- Scrap Suit Improved Melee Analysis Suite Improved Melee Analysis Suite Hardened Medium Armor Plating Medium Reactive Plating > --- WEAPON ----------- Katana Katana > --- INVENTORY -------- Improved Heat Sink AWS/Gauss Katana [Rating: 51] Favorites ----------- Power Micro Nuclear Core Engine Light Ion Engine Power Core Micro Nuclear Core Propulsion Aluminum Leg Treads Improved Treads Leg Aluminum Leg Utility Improved Light Armor Plating Device Improved Heat Sink Processor Improved Melee Analysis Suite Hackware Hacking Suite Protection Improved Light Armor Plating Weapon Katana Energy Gun Small Laser Ballistic Gun Assault Rifle Slashing Weapon Katana Build | -11 -10 -10 -10 -9 -8 -7 -7 -7 ------- Run | Yrd Mat Min Exi Min Mat Fac Low Low Slots Evolved 6 | . . . . . 4 2 . . Power 1 | . . . . . 1 . . . Propulsion 1 | . . . . . 1 . . . Utility 4 | . . . . . 2 2 . . Weapon . | . . . . . . . . . Parts Attached 76 | 5 11 4 2 . 15 28 11 . Power 20 | 1 2 1 . . 6 8 2 . Engine 11 | 1 1 . . . 5 3 1 . Core 9 | . 1 1 . . 1 5 1 . Reactor . | . . . . . . . . . Propulsion 20 | 2 2 3 . . 5 4 4 . Treads 3 | . . . . . . . 3 . Leg 17 | 2 2 3 . . 5 4 1 . Wheel . | . . . . . . . . . Hover . | . . . . . . . . . Flight . | . . . . . . . . . Utility 26 | . 5 . . . 2 15 4 . Device 8 | . 3 . . . 1 2 2 . Storage . | . . . . . . . . . Processor 4 | . . . . . . 4 . . Hackware 2 | . 1 . . . . 1 . . Protection 12 | . 1 . . . 1 8 2 . Artifact . | . . . . . . . . . Weapon 10 | 2 2 . 2 . 2 1 1 . Energy Gun 1 | 1 . . . . . . . . Energy Cannon . | . . . . . . . . . Ballistic Gun 5 | 1 2 . 2 . . . . . Ballistic Cannon . | . . . . . . . . . Launcher . | . . . . . . . . . Special Weapon . | . . . . . . . . . Impact Weapon . | . . . . . . . . . Slashing Weapon 4 | . . . . . 2 1 1 . Piercing Weapon . | . . . . . . . . . Special Melee Weapon . | . . . . . . . . . Unidentified Prototypes . | . . . . . . . . . Parts Lost 20 | . 1 . . . 3 4 12 . Power 3 | . 1 . . . 2 . . . Propulsion 7 | . . . . . 1 1 5 . Utility 10 | . . . . . . 3 7 . Weapon . | . . . . . . . . . Highest Loss Streak 7 | . 1 . . . 1 2 7 . To Critical Strikes . | . . . . . . . . . Average Backups 3 | . 4 5 4 3 3 3 3 4 Power . | . . . . . . . . . Propulsion . | . 1 2 2 . . . . . Utility . | . 1 1 1 1 1 1 . . Weapon 2 | . 2 2 1 1 1 2 2 3 Tool/Special . | . . . . . . . . . Unused Backups 8 | . 1 . . 2 2 . . 3 Power . | . . . . . . . . . Propulsion 1 | . . . . 1 . . . . Utility 3 | . . . . 1 2 . . . Weapon 4 | . 1 . . . . . . 3 Tool/Special . | . . . . . . . . . Average Slot Usage (%) 91 | . 89 100 100 100 87 91 92 15 Engine 7 | . 9 6 . . 15 6 7 . Core 6 | . 3 7 14 14 1 8 6 . Treads 1 | . . . . . . . 9 . Leg 22 | . 27 28 28 28 25 22 11 . Device 10 | . 9 14 14 14 10 9 10 2 Processor 4 | . . . . . . 9 9 7 Hackware 5 | . 2 14 14 14 9 4 . . Protection 10 | . 6 . . . 7 14 21 . Energy Gun 1 | . 10 . . . . . . . Ballistic Gun 8 | . 17 28 28 28 3 . . . Slashing Weapon 9 | . . . . . 14 15 14 4 Peak Build Rating 51 | 5 11 16 21 21 37 51 48 13 Average Rating 30 | 3 8 14 18 20 31 42 41 9 On Entrance 17 | . 5 11 16 21 21 29 43 10 Avg Prop Armor Cover (%) 3 | . . . . . . . 3 . Naked Turns . | . . . . . . . . . Heaviest Build 69 | 7 9 10 12 12 25 69 51 6 Greatest Support 58 | 20 20 25 30 30 40 58 50 3 Greatest Overweight (x) 3 | . . . . . . 1 3 1 Average Overweight (x) . | . . . . . . . . . Largest Inventory Capacity 5 | 5 5 5 5 5 5 5 5 5 Average Capacity 5 | 5 5 5 5 5 5 5 5 5 Most Carried 5 | . 5 5 5 5 5 5 5 5 Average Carried 4 | . 4 5 4 4 4 4 4 4 Final Capacity 5 | 5 5 5 5 5 5 5 5 5 Final Carried 5 | . 5 5 5 5 5 5 5 5 Scrap Suit Usage (%) 21 | . . . . . 41 42 . . Parts Cannibalized 7 | . . . . . 5 2 . . Class Distribution -------------------- 37% | Scavenger-Mutant 24% | Gladiator 16% | Mutant 14% | Scavenger-Gladiator 7% | Scavenger-Assassin Dominant Class ---------------- Mutant | -10/Materials Scavenger-Mutant | -10/Mines Scavenger-Mutant | -10/Exiles Scavenger-Mutant | -9/Mines Scavenger-Mutant | -8/Materials Gladiator | -7/Factory Gladiator | -7/Lower Caves Mutant | -7/Lower Caves Resources | -11 -10 -10 -10 -9 -8 -7 -7 -7 ----------- Run | Yrd Mat Min Exi Min Mat Fac Low Low Matter Collected 1479 | 224 219 70 . 30 291 479 151 15 Remotely . | . . . . . . . . . Salvage Created 2862 | . 522 57 . . 889 985 286 123 Parts 153 | . 34 2 . . 40 65 12 . Haulers Intercepted 1 | . 1 . . . . . . . Recyclers Shooed 4 | . . . . . 2 2 . . Parts Field Recycled . | . . . . . . . . . Retrieved Matter . | . . . . . . . . . Parts Self-Destructed 12 | . . . . . . . 12 . Prevented . | . . . . . . . . . Parts Restored . | . . . . . . . . . Kills | -11 -10 -10 -10 -9 -8 -7 -7 -7 ------- Run | Yrd Mat Min Exi Min Mat Fac Low Low Combat Hostiles Destroyed 52 | . 13 2 . . 13 18 6 . Melee 34 | . . . . . 10 18 6 . Guns 18 | . 13 2 . . 3 . . . Classes Destroyed 10 | . 6 . . . 1 3 . . Worker 2 | . 2 . . . . . . . Hauler 1 | . 1 . . . . . . . Recycler 2 | . . . . . 2 . . . Operator 2 | . 1 . . . 1 . . . Watcher 9 | . 3 . . . 4 2 . . Swarmer 13 | . 6 1 . . 3 1 2 . Grunt 24 | . 7 1 . . 10 5 1 . Brawler 2 | . . . . . . 1 1 . Sentry 5 | . . . . . . 4 1 . Programmer 8 | . . . . . . 7 1 . Packrat 2 | . . . . . . . . 2 Best Kill Streak 4 | . 3 1 . . 4 2 4 . Combat Bots Only 4 | . 3 1 . . 4 2 4 . Max Kills in Single Turn 2 | . 2 1 . . 1 1 1 1 Gunslinging . | . . . . . . . . . Exploded . | . . . . . . . . . Melee 1 | . . . . . 1 1 1 . Uniques/NPCs Destroyed . | . . . . . . . . . Combat | -11 -10 -10 -10 -9 -8 -7 -7 -7 -------- Run | Yrd Mat Min Exi Min Mat Fac Low Low Hostile Shots Fired 599 | . 81 8 . . 75 268 167 . Missed 186 | . 21 2 . . 20 92 51 . Hits 413 | . 60 6 . . 55 176 116 . Melee 10 | . . . . . . 5 5 . Projectile 403 | . 60 6 . . 55 171 111 . Critical Strikes 11 | . . . . . 2 4 5 . Damage Taken 5187 | . 564 50 . . 773 1682 2080 38 Core 927 | . 134 28 . . 52 141 534 38 Absorbed by Shields . | . . . . . . . . . Redirected to Shielding 33 | . 33 . . . . . . . Ignored by Resistances 191 | . . . . . . 191 . . Regen/Repaired (Parts) 122 | . 68 . . . 34 20 . . Core Remaining (%) 75 | 100 . . . 35 90 . . . Volleys Fired 78 | . 56 5 . . 17 . . . Largest 2 | . 2 2 . . 2 . . . Hottest 60 | . 60 40 . . 46 . . . Shots Fired 156 | . 112 10 . . 34 . . . Gun 156 | . 112 10 . . 34 . . . Cannon . | . . . . . . . . . Launcher . | . . . . . . . . . Special . | . . . . . . . . . Kinetic 104 | . 60 10 . . 34 . . . Thermal 52 | . 52 . . . . . . . Explosive . | . . . . . . . . . Electromagnetic . | . . . . . . . . . Robot Hit Streak 9 | . 9 5 . . 7 . . . Robot Miss Streak 4 | . 3 2 . . 4 . . . Penetration Max . | . . . . . . . . . Secondary Targets 3 | . 2 . . . 1 . . . Max Gunslinging Chain 1 | . 1 . . . 1 . . . Shots Hit Robots 235 | . 67 6 . . 65 64 30 3 Core Hits 99 | . 36 3 . . 25 25 9 1 Critical Kills . | . . . . . . . . . Critical Parts Destroyed . | . . . . . . . . . Critical Strikes 28 | . . . . . 5 14 9 . Sever 28 | . . . . . 5 14 9 . Melee Attacks 174 | . . . . . 55 81 35 3 Impact . | . . . . . . . . . Slashing 174 | . . . . . 55 81 35 3 Piercing . | . . . . . . . . . Sneak Attacks 7 | . . . . . 4 1 . 2 Combat Hostiles . | . . . . . . . . . Follow-up Attacks 18 | . . . . . 6 9 3 . Damage Inflicted 5799 | . 688 79 . . 1827 2098 929 178 Guns 1094 | . 685 79 . . 330 . . . Cannons . | . . . . . . . . . Explosions . | . . . . . . . . . Melee 4702 | . . . . . 1497 2098 929 178 Ramming 3 | . 3 . . . . . . . Kinetic 754 | . 345 79 . . 330 . . . Thermal 340 | . 340 . . . . . . . Explosive . | . . . . . . . . . Electromagnetic . | . . . . . . . . . Impact . | . . . . . . . . . Slashing 4702 | . . . . . 1497 2098 929 178 Piercing . | . . . . . . . . . Highest Corruption 20 | . . . . . . 12 20 20 Average Corruption 10 | . . . . . . 6 18 20 Corruption Purged . | . . . . . . . . . Corruption Blocked . | . . . . . . . . . Effects 97 | . . . . . . 48 48 1 Message Errors 23 | . . . . . . 11 12 . Matter Fused 27 | . . . . . . 14 12 1 Heat Flow Errors 11 | . . . . . . 3 8 . Energy Discharges 7 | . . . . . . 4 3 . Parts Rejected 2 | . . . . . . 1 1 . Parts Fused 2 | . . . . . . 2 . . Data Loss (minor) 11 | . . . . . . 5 6 . Data Loss (major) 10 | . . . . . . 7 3 . Alerts 3 | . . . . . . . 3 . Misdirections 1 | . . . . . . 1 . . Overload Shots . | . . . . . . . . . Overflow Damage 255 | . . . . . 116 40 4 95 Projectiles . | . . . . . . . . . Explosions . | . . . . . . . . . Melee 255 | . . . . . 116 40 4 95 Knockbacks . | . . . . . . . . . Impact . | . . . . . . . . . Kinetic . | . . . . . . . . . Secondary . | . . . . . . . . . Self-Inflicted Damage . | . . . . . . . . . Shots . | . . . . . . . . . Rammed . | . . . . . . . . . Targets Rammed 2 | . 2 . . . . . . . Kicked 2 | . 2 . . . . . . . Crushed . | . . . . . . . . . Highest Temperature 283 | . 76 . . . 15 283 271 . Average Temperature 83 | . 26 . . . 7 86 100 . Received Heat Transfer 1584 | . 120 . . . 450 456 558 . Siege Activations . | . . . . . . . . . Martial Activations . | . . . . . . . . . Shielding Activations . | . . . . . . . . . Robots Disrupted . | . . . . . . . . . Combat Hostiles . | . . . . . . . . . Robots Corrupted . | . . . . . . . . . Combat Hostiles . | . . . . . . . . . Parts Fried . | . . . . . . . . . Impact Corruptions . | . . . . . . . . . Robots Melted . | . . . . . . . . . Combat Hostiles . | . . . . . . . . . Parts Melted 1 | . 1 . . . . . . . Heat Transferred 775 | . 775 . . . . . . . Parts Sabotaged . | . . . . . . . . . Parts Stolen . | . . . . . . . . . Parts Stripped . | . . . . . . . . . Power Chain Reactions . | . . . . . . . . . Alert | -11 -10 -10 -10 -9 -8 -7 -7 -7 ------- Run | Yrd Mat Min Exi Min Mat Fac Low Low Maximum Alert Level . | . . . . . . . . . Low Security (%) 100 | 100 100 100 . 100 100 100 . . Level 1 . | . . . . . . . . . Level 2 . | . . . . . . . . . Level 3 . | . . . . . . . . . Level 4 . | . . . . . . . . . Level 5 . | . . . . . . . . . High Security . | . . . . . . . . . Max Security . | . . . . . . . . . Peak Influence 194 | . 163 74 . . 116 194 . . Initial 23 | . . . . . . 23 . . Average 48 | . 75 18 . . 43 54 . . Influence Increases 1725 | . 403 201 . . 409 582 130 . Destroy 0b10 Robot/C 1140 | . 260 140 . . 260 360 120 . Destroy 0b10 Robot/NC 80 | . 35 . . . 35 10 . . Destroy Leader 280 | . 68 30 . . 38 134 10 . Allied During Kill 16 | . . 16 . . . . . . Successful Hack 41 | . 10 . . . 14 17 . . Destroy Structure 3 | . . . . . 2 1 . . Lose Combat Pursuer 165 | . 30 15 . . 60 60 . . Influence Decreases 1725 | . 403 201 . . 356 445 320 . Entered New Map 101 | . . . . . . 30 71 . Time Decay 1326 | . 281 161 . . 290 395 199 . Lost Part 110 | . 10 . . . 30 20 50 . Lost Ally 44 | . . 40 . . 4 . . . Purge Threat 144 | . 112 . . . 32 . . . Squads Dispatched 14 | . 3 . . . . 11 . . Investigation 3 | . 1 . . . . 2 . . Extermination 6 | . . . . . . 6 . . Reinforcement 4 | . 2 . . . . 2 . . Assault . | . . . . . . . . . Garrison 1 | . . . . . . 1 . . Intercept . | . . . . . . . . . Searches Triggered . | . . . . . . . . . Construction Impeded . | . . . . . . . . . Haulers Reinforced . | . . . . . . . . . Active Scanning Responses . | . . . . . . . . . Cargo Convoy Interrupts . | . . . . . . . . . Stealth | -11 -10 -10 -10 -9 -8 -7 -7 -7 --------- Run | Yrd Mat Min Exi Min Mat Fac Low Low Distress Signals 8 | . 2 . . 2 2 2 . . Communications Jammed . | . . . . . . . . . Distress Signals . | . . . . . . . . . Times Spotted 101 | . 28 8 . . 26 28 11 . Peak Tracking Total 5 | . 4 3 . . 4 4 5 . Tactical Retreats 8 | . 2 1 . . 2 3 . . Traps | -11 -10 -10 -10 -9 -8 -7 -7 -7 ------- Run | Yrd Mat Min Exi Min Mat Fac Low Low Traps Triggered 13 | . 2 . . . . 10 . 1 Indirectly . | . . . . . . . . . Trap Hack Attempts . | . . . . . . . . . Triggered . | . . . . . . . . . Disarmed . | . . . . . . . . . Reprogrammed . | . . . . . . . . . Reused . | . . . . . . . . . Traps Extracted . | . . . . . . . . . Installed . | . . . . . . . . . Triggered . | . . . . . . . . . Machines | -11 -10 -10 -10 -9 -8 -7 -7 -7 ---------- Run | Yrd Mat Min Exi Min Mat Fac Low Low Machines Disabled . | . . . . . . . . . Max in Single Turn . | . . . . . . . . . Machines Repaired . | . . . . . . . . . Machines Dismantled . | . . . . . . . . . Machines Sabotaged . | . . . . . . . . . Overloaded Fab Kills . | . . . . . . . . . Hacking | -11 -10 -10 -10 -9 -8 -7 -7 -7 --------- Run | Yrd Mat Min Exi Min Mat Fac Low Low Machines Accessed 12 | . 3 . 2 . 3 3 1 . Terminals 6 | . 2 . . . 3 1 . . Fabricators . | . . . . . . . . . Repair Stations 1 | . 1 . . . . . . . Recycling Units . | . . . . . . . . . Scanalyzers 2 | . . . . . . 2 . . Garrison Access . | . . . . . . . . . Total Hacks 25 | . 6 . 6 . 5 7 1 . Successful 18 | . 3 . 6 . 4 4 1 . Failed 7 | . 3 . . . 1 3 . . Catastrophic 1 | . 1 . . . . . . . Database Lockouts . | . . . . . . . . . Manual 12 | . 4 . 1 . 5 2 . . Terminals 12 | . 4 . . . 5 3 . . Fabricators . | . . . . . . . . . Repair Stations 2 | . 2 . . . . . . . Recycling Units . | . . . . . . . . . Scanalyzers 4 | . . . . . . 4 . . Garrison Access . | . . . . . . . . . Terminal Hacks 10 | . 1 . 6 . 1 1 1 . Record 5 | . . . 5 . . . . . Open Door 1 | . . . . . . . 1 . Branch Access Points 1 | . . . . . . 1 . . Unreport Threat 2 | . 1 . . . 1 . . . Proto ID Catalog 1 | . . . 1 . . . . . Fabricator Hacks . | . . . . . . . . . Repair Station Hacks 2 | . 2 . . . . . . . Scan Component 1 | . 1 . . . . . . . Repair 1 | . 1 . . . . . . . Recycling Unit Hacks . | . . . . . . . . . Scanalyzer 3 | . . . . . . 3 . . Retrieve Study 3 | . . . . . . 3 . . Garrison Access Hacks . | . . . . . . . . . Unauthorized Hacks 3 | . . . . . 3 . . . Terminals 3 | . . . . . 3 . . . Botnet 3 | . . . . . 3 . . . Fabricators . | . . . . . . . . . Repair Stations . | . . . . . . . . . Recycling Units . | . . . . . . . . . Scanalyzers . | . . . . . . . . . Garrison Access . | . . . . . . . . . Data Cores Recovered 1 | . . . . . 1 . . . Used . | . . . . . . . . . Hacking Detections 6 | . 2 . . . 1 3 . . Full Trace Events . | . . . . . . . . . Feedback Events . | . . . . . . . . . Feedback Blocked . | . . . . . . . . . Robot Schematics Acquired . | . . . . . . . . . Robots Built . | . . . . . . . . . Authchips . | . . . . . . . . . Time . | . . . . . . . . . Total Robot Build Rating . | . . . . . . . . . Part Schematics Acquired . | . . . . . . . . . Parts Built . | . . . . . . . . . Authchips . | . . . . . . . . . Time . | . . . . . . . . . Total Part Build Rating . | . . . . . . . . . Part Studies Acquired 3 | . . . . . . 3 . . Parts Repaired 1 | . 1 . . . . . . . Time 13 | . 13 . . . . . . . Parts Recycled . | . . . . . . . . . Recycled Matter . | . . . . . . . . . Retrieved Matter . | . . . . . . . . . Retrieved Components . | . . . . . . . . . Parts Scanalyzed . | . . . . . . . . . Part Schematics Acquired . | . . . . . . . . . Parts Damaged . | . . . . . . . . . Bothacking | -11 -10 -10 -10 -9 -8 -7 -7 -7 ------------ Run | Yrd Mat Min Exi Min Mat Fac Low Low Used RIF Installer . | . . . . . . . . . Robots Hacked . | . . . . . . . . . Non-combat . | . . . . . . . . . Combat . | . . . . . . . . . Robot Hacks Applied . | . . . . . . . . . Relay Couplers Released . | . . . . . . . . . Fabnet Peak Effective % . | . . . . . . . . . Robots Rewired . | . . . . . . . . . Allies Hacked . | . . . . . . . . . Hacks Repelled . | . . . . . . . . . Allies | -11 -10 -10 -10 -9 -8 -7 -7 -7 -------- Run | Yrd Mat Min Exi Min Mat Fac Low Low Total Allies 5 | . . 3 . 2 . . . . Largest Group 3 | . . 3 1 3 2 . . . Highest-Rated Group 70 | . . 40 16 70 39 . . . Highest-Rated Ally 31 | . . 16 16 31 23 . . . Total Orders . | . . . . . . . . . Ally Attacks 36 | . . 24 . 9 3 . . . Total Damage 344 | . . 240 . 104 . . . . Kills 7 | . . 5 . 2 . . . . Allies Corrupted . | . . . . . . . . . Allies Melted . | . . . . . . . . . Intel | -11 -10 -10 -10 -9 -8 -7 -7 -7 ------- Run | Yrd Mat Min Exi Min Mat Fac Low Low Active Infowar (turns) 528 | . . . . . . 528 . . Sensors 6 | . . . . . . 6 . . Terrain 522 | . . . . . . 522 . . Robot Analysis Total . | . . . . . . . . . Derelict Logs Recovered 4 | . . 1 . . . . 2 1 Drone Launches . | . . . . . . . . . Drone Recoveries . | . . . . . . . . . Exploration | -11 -10 -10 -10 -9 -8 -7 -7 -7 ------------- Run | Yrd Mat Min Exi Min Mat Fac Low Low Turns Passed 6860 | 45 1036 567 285 385 868 2569 1061 44 Spaces Moved 4271 | 38 574 436 224 310 500 1601 525 63 Core 90 | 10 . . . . . . 17 63 Treads 310 | . . . . . . . 310 . Legs 3871 | 28 574 436 224 310 500 1601 198 . Wheels . | . . . . . . . . . Hover . | . . . . . . . . . Flight . | . . . . . . . . . Fastest Speed 50 | 50 120 120 120 120 120 110 100 50 Average Speed 130 | 101 120 120 120 120 120 129 181 54 Slowest Speed 240 | 120 120 120 120 120 120 200 240 100 Overloaded Moves . | . . . . . . . . . Propulsion Burnouts . | . . . . . . . . . Robots Hopped . | . . . . . . . . . Potential Cave-ins . | . . . . . . . . . Cave-ins Triggered . | . . . . . . . . . Exploration Rate (%) 48 | 3 67 91 62 74 32 45 52 13 Regions Visited 8 Branch Regions 5 Pre-discovered Areas 1 | . . . 1 . . . . . Known Exits Taken 2 | . . . . . . 1 1 . Unknown Exits Taken 6 | 1 1 1 1 1 1 . . . Scrap Searched 5 | . . 1 . 1 . . 3 . Spaces Dug 3 | . . . . . 1 2 . . Terrain Destroyed 3 | . . . . . 1 2 . . Melee 3 | . . . . . 1 2 . . Projectile . | . . . . . . . . . AOE . | . . . . . . . . . Terrain Rammed . | . . . . . . . . . Walls Destroyed . | . . . . . . . . . Machines Disabled . | . . . . . . . . . Actions | -11 -10 -10 -10 -9 -8 -7 -7 -7 --------- Run | Yrd Mat Min Exi Min Mat Fac Low Low Total 5197 | 42 821 471 239 324 669 1979 584 68 Wait 518 | . 161 23 10 10 73 233 8 . Move 4263 | 37 573 435 223 309 499 1600 524 63 Hop . | . . . . . . . . . Pick Up 26 | . 7 . 1 2 5 10 1 . Fast Attach 53 | 5 6 1 . . 9 24 8 . Attach 17 | . 1 . . . 3 10 2 1 Detach 4 | . . . . . . 2 1 1 Swap 22 | . 6 3 3 . 4 5 1 . Drop 59 | . 9 4 2 3 12 21 8 . Fire 78 | . 56 5 . . 17 . . . Melee 152 | . . . . . 47 71 31 3 Ram . | . . . . . . . . . Kick 2 | . 2 . . . . . . . Crush . | . . . . . . . . . Escape Stasis 3 | . . . . . . 3 . . Rewire . | . . . . . . . . . Trap . | . . . . . . . . . Miscellaneous . | . . . . . . . . . Route ------- -11/Scrapyard -10/Materials (discovered 4 exits: [*Mat x2] / [*Min] / [*Sub]) -10/Mines (discovered 3 exits: [*Mat x2] / *Exi) -10/Exiles -9/Mines -8/Materials -7/Factory (discovered 2 exits: *Low x2) -7/Lower Caves -7/Lower Caves History --------- Turn | Location | Event 3 | -11/Scrapyard | Discovered new exit (range 16) 46 | -11/Scrapyard | Entered Materials 193 | -10/Materials | Discovered new exit (range 6) 313 | -10/Materials | Build established: Mutant 604 | -10/Materials | Discovered new exit (range 16) 662 | -10/Materials | Discovered new exit (range 13) 779 | -10/Materials | Core integrity fell below 50% 791 | -10/Materials | Discovered new exit (range 5) 1031 | -10/Materials | Repaired Aluminum Leg 1082 | -10/Materials | Entered Mines 1144 | -10/Mines | Assisted by bots powering up and referring to "LRC-V3" 1166 | -10/Mines | Build established: Scavenger-Mutant 1199 | -10/Mines | Joined a pair of Derelicts in attacking an 0b10 outpost 1398 | -10/Mines | Learned Materials terminal intel 1549 | -10/Mines | Discovered new exit (range 12) 1571 | -10/Mines | Discovered new exit (range 7) 1589 | -10/Mines | Deemed a non-threat by the Exiles lab entrance 1590 | -10/Mines | Discovered new exit (range 5) 1649 | -10/Mines | Entered Exiles 1649 | -10/Exiles | Accompanied by 1 ally 1678 | -10/Exiles | Met 8R-AWN 1700 | -10/Exiles | Met EX-HEX 1747 | -10/Exiles | Met EX-BIN 1761 | -10/Exiles | Aligned with FarCom system 1762 | -10/Exiles | Given EX-Vault access code 1795 | -10/Exiles | Opened EX-Vault 1810 | -10/Exiles | Found AWS/Gauss 1834 | -10/Exiles | Warned to stay clear of 0b10 Research branches 1850 | -10/Exiles | Exiles lab attacked by MAIN.C 1874 | -10/Exiles | Learned location of Zion (-7) 1917 | -10/Exiles | Discovered new exit (range 10) 1934 | -10/Exiles | Left Exiles lab with AWS/Gauss 1934 | -10/Exiles | Entered Mines 1934 | -9/Mines | Accompanied by 1 ally 1963 | -9/Mines | Assembled infested the area 1968 | -9/Mines | Assisted by a Guerilla fighting off Assembled 2011 | -9/Mines | Found a Scrap Suit stashed away for nefarious purposes 2015 | -9/Mines | Found Scrap Suit 2302 | -9/Mines | Discovered new exit (range 3) 2319 | -9/Mines | Entered Materials 2319 | -8/Materials | Accompanied by 2 allies 2319 | -8/Materials | Evolved 4 slots: Power x1, Propulsion x1, Utility x2 2320 | -8/Materials | Loaded intel: 11 terminal locations 2738 | -8/Materials | Discovered new exit (range 9) 3187 | -8/Materials | Entered Factory 3187 | -7/Factory | Evolved 2 slots: Utility x2 3674 | -7/Factory | Build established: Scavenger-Assassin 4226 | -7/Factory | Build established: Scavenger-Gladiator 4483 | -7/Factory | Garrison activated, responded to threat 4720 | -7/Factory | Identified exit to Lower Caves 4785 | -7/Factory | System corruption reached 10% 4883 | -7/Factory | Build established: Gladiator 5756 | -7/Factory | Entered Lower Caves 5986 | -7/Lower Caves | Learned Factory trap positions 5987 | -7/Lower Caves | Attracted the attention of an 0b10 outpost 6085 | -7/Lower Caves | Lost 5 parts (1n4u) 6792 | -7/Lower Caves | Core integrity fell below 50% 6803 | -7/Lower Caves | Core integrity fell below 20% 6810 | -7/Lower Caves | Discovered new exit (range 7) 6816 | -7/Lower Caves | Identified exit to Lower Caves 6817 | -7/Lower Caves | Entered another Lower Caves area 6838 | -7/Lower Caves | Lost 7 parts (4n3u) 6861 | -7/Lower Caves | Destroyed by Fire Trap Last Messages --------------- System corrupted: IFF burst signal emitted. LOCATION=LOWER CAVES GOAL=ESCAPE Acquired derelict log, extracted data. Data stored: Lower Caves entrances (x1). Sneak attack on 9R-0JU(r). Destroyed Com. Wheel. Destroyed Lgt. Deuterium Engine. 9R-0JU(r) destroyed. Acquired 10 matter. Sneak attack on VU-SDM(r). Destroyed Unknown Storage. Destroyed Com. Wheel. Destroyed Lgt. Deuterium Engine. System corrupted: Matter fused (-5). VU-SDM(r) destroyed. Acquired 5 matter. System corruption misinterpreted. Triggered Fire Trap. Burning plasma bursts from the floor. Map ----- +----------------------------------------------------+ | ?????????????????????????????????????????????????? | | ?????????????????????????????????????????????????? | | ?????????????????????????????????????????????????? | | ?????????????????????????????????????????????????? | | ?????????????????????????????????????????????????? | | ?????????????????????????????????????????????????? | | ?????????????????????????????????????????????????? | | ?????????????????????????????????????????????????? | | ?????????????????????????????????????????????????? | | ?????????????????????????????????????????????????? | | ?????????????????????????????????????????????????? | | ???????????????????????????????????????????? #???? | | ???????????????????????????????????????????? ## | | ?????????????????????????????? #???##??????? | | ?????????????????????????????? ??# ##?????? | | ?????????????????????????????? #? ???#? | | ?????????????????????????####? ## ??# | | ???????????????????####### ## ? #?? | | ???????????????????# ? #?# #??# | | ???????????????????? ?# #?# #?## # ? | | ????????????????????? ?## #### ### # ? | | ??????????????????????? ## ?? | | ????????????????????##?# ? ?? | | ????????????????????# $# # #??? ??? | | ????????????????????## # ##??# ??? | | ????????????????????# @ #??# ?# #??? | | ??????????????????# # #?## #??# #### | | ?????????????????# # # ### #???# ## | | ????????????????? # # # ## ###### | | ?????????????? ## ### # # | | ???????????????#### # ##?## ### | | ?????????????????# ####???### #### #?? | | ????????????????# ?????????## #??### #?? | | ????????????????# ??????????# #????# #?? | | ????????????????### ??????????## ##????# #?? | | ?????????????????? ???????????###?????# ### | | ????????????????? ? ???????????????????# | | ?????????????????## ? ? #???????????????????#### | | ????????????????????#? ???????????????????????## | | ??????????????????????? ?????????????????????????? | | ?????????????????????????????????????????????????? | | ?????????????????????????????????????????????????? | | ?????????????????????????????????????????????????? | | ?????????????????????????????????????????????????? | | ?????????????????????????????????????????????????? | | ?????????????????????????????????????????????????? | | ?????????????????????????????????????????????????? | | ?????????????????????????????????????????????????? | | ?????????????????????????????????????????????????? | | ?????????????????????????????????????????????????? | +----------------------------------------------------+ Best States ------------- Heat Dissipation 48 Energy Generation 27 Energy Capacity 465 Matter Stores 300 Matter Capacity 300 Sight Range 16 Terrain Scan Range 16 Terrain Scan Density 210 Armor Coverage 825 Resistance: KI 30 Weapon Shielding 33 Evasion (%) 55 Melee Accuracy 12 Recoil Reduction 2 Offensive Hacking 20 Item Schematics ----------------- None Robot Schematics ------------------ None Fabricated ------------ Nothing Repaired ---------- Aluminum Leg | 24% | -10/Materials Studied --------- Katana | -7/Factory | Hacked Carbon-fiber Leg | -7/Factory | Hacked Imp. Carbon-fiber Leg | -7/Factory | Hacked Alien Tech Used ----------------- None Achievements -------------- Omniscient Cartographer Challenges ------------ None Game ------ Seed MasterScrapAssimilator Manual? 0 Play Time 00:47:30 Cumulative 43.1 hours Start 2026.06.30 @ 19:16:48 End 2026.06.30 @ 20:04:29 Sessions 1 Manual Loads 0 Difficulty Rogue Special Mode None Game No. 47 Rogue 47 Adventurer 0 Explorer 0 Win Type - Total 0 Types 0/0/0/0/0/0/0/0/0/0 Lore% 51 Gallery% 33 Achievement% 30 Wizard Run 0 Options --------- Layout 1 ASCII 0 Keyboard 0 Movement Numpad Keybinds 0 Fullscreen 1 Font 24/X11 Map View 50x35 Zoom Use 0% Tactical HUD 0 Map Filters NONE Filters NONE Steam 1 RUN: 05875793-50e0-4323-9a2a-289d6ee360cb